AoeStats
← Besoin Dead

Golden Pit

503184367Analyzed
1v1 RM · 11d ago on Aug 30, 2026· 42m 24s· 2 players
Game mode
Random Map
Map size
Tiny (2 player)
Population
200
Speed
Normal
Resources
Standard
Victory
Conquest
Starting age
Dark Age
Ending age
Imperial Age
RankedLock teamsTeams togetherTeam positionsShared explorationLock speedFull tech treeHidden civsTurbo modeCheats
Victory
Defeat
🇫🇷 Persians · France
1037
+16
🇫🇷 Britons · France
1032
-16
Besoin Dead
5:26 Loom
11:57 Feudal Age
17:56 Castle Age
18:52 Fletching
23:53 Double-Bit Axe
24:55 Horse Collar
29:03 Wheelbarrow
29:26 Bow Saw
29:44 Heavy Plow
30:55 Bodkin Arrow
32:40 Hand Cart
32:17 Town Watch
33:09 Stone Mining
35:08 Gold Mining
37:59 Ballistics
Leron
9:45 Feudal Age
10:09 Man-at-Arms
11:26 Loom
13:45 Wheelbarrow
15:41 Fletching
15:46 Double-Bit Axe
20:47 Horse Collar
24:49 Castle Age
23:26 Padded Archer Armor
23:58 Gold Mining
25:23 Forging
27:05 Scale Barding Armor
28:04 Crossbowman
30:11 Hand Cart
31:01 Heavy Plow
31:14 Bow Saw
34:06 Bloodlines
37:09 Imperial Age
37:26 Imperial Age
35:22 Ballistics
37:29 Thumb Ring
37:26 Cavalier
38:08 Husbandry
38:31 Chain Barding Armor
38:07 Bodkin Arrow
39:58 Savar
43:35 Chemistry
Connection lost

Rejoining the realm…

Still unreachable

The connection could not be restored.

Session expired

The server has moved on; the page needs a fresh start.